 Dungeon Crawl Stone Soup version 0.28-a0-863-g8cecda6153 (webtiles) character file.

Game seed: 9429345574098748013

6287 kae the Grappler (level 10, -2/82 (87) HPs)
             Began as a White Draconian Transmuter on Nov 19, 2021.
             Was a Priest of Ru.
             Slain by a hellwing (6 damage)
             ... on level 8 of the Dungeon.
             The game lasted 00:08:59 (12829 turns).

kae the Grappler (White Draconian Transmuter)      Turns: 12829, Time: 00:08:59

HP:   -2/82 (87)    AC:  8    Str: 14    XL:     10   Next: 63%
MP:   18/18         EV: 10    Int: 16    God:    Ru [***...]
Gold: 3166          SH:  0    Dex: 11    Spells: 12/20 levels left

rFire   x . .      SeeInvis .     - Unarmed
rCold   + + +      Faith    .   (shield currently unavailable)
rNeg    . . .      Spirit   .   (armour unavailable)
rPois   +          Reflect  .   (helmet currently unavailable)
rElec   .          Harm     .   (cloak currently unavailable)
rCorr   .          Rampage  .   (gloves currently unavailable)
Will    ++...                   (boots currently unavailable)
Stlth   +.........              (no amulet)
HPRegen 0.23/turn               q - ring of willpower
MPRegen 0.16/turn               l - ring of willpower

@: exhausted, about to teleport, ice-form, unable to drink, drained
A: freezing attack, amphibious, boosted hp, (breathe frost), AC +7, large,
unfitting armour, (cold resistance 1), (cold-blooded), inability to drink while
threatened, inability to use devices
a: End Transformation, Renounce Religion, Draw Out Power


You were on level 8 of the Dungeon.
You worshipped Ru.
Ru was most pleased with you.
You were a creature of crystalline ice.
You visited 2 branches of the dungeon, and saw 10 of its levels.

You collected 3309 gold pieces.
You spent 143 gold pieces at shops.

Inventory:

Armour
 b - a +1 pair of gloves (melded)
Jewellery
 f - a ring of protection from fire
 l - a ring of willpower (right front paw)
 q - a ring of willpower (left front paw)
Scrolls
 a - 3 scrolls of enchant weapon
 d - 2 scrolls of summoning
 r - a scroll of teleportation
Potions
 c - 3 potions of mutation
 e - 2 potions of flight {unknown}
 g - 3 potions of attraction
 h - a potion of ambrosia
 j - 3 potions of curing
 m - a potion of might
 n - 2 potions of heal wounds
 o - a potion of resistance {unknown}
 p - a potion of lignification


   Skills:
 - Level 2.0 Fighting
 - Level 2.3 Dodging
 * Level 10.4 Unarmed Combat
 + Level 5.7 Spellcasting
 * Level 10.2 Transmutations
 - Level 5.0 Ice Magic
 - Level 2.0 Poison Magic


You had 12 spell levels left.
You knew the following spells:

 Your Spells              Type           Power      Damage    Failure   Level
a - Beastly Appendage     Tmut           74%        N/A       1%          1
b - Spider Form           Tmut/Pois      24%        N/A       3%          3
c - Ice Form              Ice/Tmut       29%        N/A       6%          4

Your spell library contained the following spells:

 Spells                   Type           Power      Damage    Failure   Level
 Wereblood                Tmut           37%        N/A       1%          2
 Ensorcelled Hibernation  Hex/Ice        24%        N/A       8%          2
 Animate Skeleton         Necr           8%         N/A       14%         1
 Apportation              Tloc           8%         N/A       14%         1
 Slow                     Hex            16%        N/A       14%         1
 Summon Small Mammal      Summ           16%        N/A       14%         1
 Confusing Touch          Hex            4%         N/A       38%         3
 Tukima's Dance           Hex            4%         N/A       38%         3
 Vampiric Draining        Necr           4%         2d6       38%         3
 Dispersal                Tloc           2%         N/A       100%        6
 Disjunction              Tloc           2%         N/A       100%        8


Dungeon Overview and Level Annotations

Branches:
Dungeon (9/15)             Temple (1/1) D:4
   Lair: D:8-11         Orc: D:9-12

Altars:
Ashenzari
Cheibriados
Dithmenos
Elyvilon
Fedhas
Gozag
Hepliaklqana
Kikubaaqudgha
Makhleb
Nemelex Xobeh
Okawaru
Qazlal
Ru
Sif Muna
Trog
Uskayaw
Vehumet
Wu Jian
Xom
Yredelemnul
Zin
The Shining One

Shops:
D:6 !

Annotations:
D:7 Harold


Innate Abilities, Weirdness & Mutations

You are a creature of crystalline ice.
You have a powerful freezing melee attack.
You are amphibious.
Your maximum health is increased.
Your armour is entirely melded.
You are incapable of wielding weapons or throwing items.
((You can breathe waves of freezing cold which knock back foes.))
((Your icy white scales are hard. (AC +7)))
You cannot fit into any form of body armour.
((Your flesh is cold resistant. (rC+)))
((You are cold-blooded and may be slowed by cold attacks.))
You sometimes lose the ability to drink potions when taking damage.
You cannot study or use magical devices.


Message History

The shadow imp hits the hellwing but does no damage.
You strike the helpless hellwing from behind!
You hit the hellwing but do no damage.
The hellwing is heavily wounded.
The hellwing closely misses you.
The hellwing hits you but does no damage.
The hellwing hits you! The hellwing hits you.
The shadow imp hits you but does no damage.
You hit the hellwing. You freeze the hellwing.
The hellwing is severely wounded.
The hellwing hits you. The hellwing barely misses you.
The hellwing hits you but does no damage.
The hellwing completely misses you. The shadow imp barely misses you.
As you read the scroll of teleportation, it crumbles to dust.
You feel strangely unstable.
The hellwing hits you but does no damage.
The hellwing hits you.
You feel threatened and lose the ability to drink potions!
The hellwing hits you!
* * * LOW HITPOINT WARNING * * *
The hellwing barely misses you.
You redirect the shadow imp's attack!
The shadow imp gestures at the hellwing.
The hellwing is unaffected.
You punch the hellwing! You freeze the hellwing.
The hellwing is almost dead.
The hellwing barely misses you. The hellwing hits you.
* * * LOW HITPOINT WARNING * * *
You focus your inner power and illuminate the hellwing in retribution!
The hellwing is stunned by your conviction and fails to attack.
The shadow imp hits you but does no damage.
The hellwing swoops through the air toward you!
The hellwing hits you.
* * * LOW HITPOINT WARNING * * *
The hellwing hits you but does no damage.
The shadow imp barely misses you.
The hellwing stops glowing.
The hellwing hits you!
* * * LOW HITPOINT WARNING * * *
The hellwing hits you.
You die...

### #.### ######
#...#
#....###.#.#########
#....'.#.#.#.......#
#....#.#.#.#.####'##
###'##.......##.....
#.Y4####.##.##.....
#54.##......##.....
#>.................
##..................
#...####.....####.##
#...'..##.#### #.#.
#...##....# #.#.
#...####### ####.#.
#...# #....#.


You could see 2 hellwings and a shadow imp (corona).

Vanquished Creatures
  A two-headed ogre (D:8)
  A cyclops (D:7)
  Joseph (D:7)
  A hornet (D:8)
  Prince Ribbit (D:8)
  A shadow (D:7)
  Eustachio (D:5)
  Edmund (D:6)
  3 water moccasins
  Duvessa (D:7)
  4 orc warriors
  An ice beast (D:7)
  2 black bears
  A hornet zombie (D:8)
  4 ogres
  7 centaurs
  A kobold brigand (D:7)
  A phantom (D:6)
  4 bullfrogs
  2 gnoll sergeants
  Dowan (D:7)
  4 centaur zombies
  A bullfrog zombie (D:4)
  4 hounds
  A jelly (D:7)
  10 orc priests
  A bullfrog skeleton (D:5)
  A gnoll shaman (D:8)
  Ijyb (D:3)
  An iguana (D:7)
  7 orc wizards
  2 killer bee zombies
  16 gnolls
  7 adders
  2 shadow imps
  2 white imps
  A worm (D:3)
  3 dart slugs
  27 orcs
  4 endoplasms
  5 giant cockroaches
  11 goblins
  13 hobgoblins
  2 jackals (D:1)
  7 quokkas
  4 ball pythons
  8 bats
  6 frilled lizards (D:2)
  13 kobolds
  4 rats
208 creatures vanquished.

Vanquished Creatures (others)
  A steam dragon (D:6)
  An orc wizard (D:8)
  A withered plant (D:9)
3 creatures vanquished.

Grand Total: 211 creatures vanquished

Notes
Turn   | Place    | Note
-------+----------+-------------------------------------------
     0 | D:1      | kae the Draconian Transmuter began the quest for the Orb.
     0 | D:1      | Reached XP level 1. HP: 16/16 MP: 3/3
   242 | D:1      | Reached XP level 2. HP: 21/23 MP: 1/5
   928 | D:1      | Reached XP level 3. HP: 16/28 MP: 6/6
   937 | D:1      | Learned a level 3 spell: Spider Form
  1536 | D:1      | Identified a scroll of acquirement
  1538 | D:1      | Acquired 1201 gold pieces
  1927 | D:2      | Reached XP level 4. HP: 36/36 MP: 7/7
  2528 | D:2      | Reached skill level 1 in Poison Magic
  2600 | D:2      | Acquired 1021 gold pieces
  3253 | D:3      | Noticed Ijyb
  3256 | D:3      | Paralysed by Ijyb for 2 turns
  3269 | D:3      | Paralysed by Ijyb for 2 turns
  3271 | D:3      | Killed Ijyb
  3484 | D:3      | Reached XP level 5. HP: 41/41 MP: 6/8
  3515 | D:3      | Learned a level 4 spell: Ice Form
  3943 | D:4      | Noticed a black bear
  4067 | D:4      | Killed a black bear
  4068 | D:4      | Reached skill level 1 in Ice Magic
  4068 | D:4      | Reached XP level 6. HP: 38/48 MP: 5/9
  4510 | D:4      | Found a staircase to the Ecumenical Temple.
  4531 | Temple   | Entered the Ecumenical Temple
  4872 | Temple   | Became a worshipper of Ru the Awakened
  5084 | D:5      | Entered Level 5 of the Dungeon
  5122 | D:5      | Reached skill level 5 in Unarmed Combat
  5122 | D:5      | Your scales start taking on an icy white colour.
  5122 | D:5      | Reached XP level 7. HP: 18/55 MP: 6/10
  5122 | D:5      | Gained mutation: Your flesh is cold resistant. (rC+) [White
                  | Draconian growth]
  5330 | D:5      | Noticed Eustachio
  5348 | D:5      | Killed Eustachio
  5647 | D:5      | Reached skill level 5 in Transmutations
  6099 | D:5      | Identified the +9 short sword of the Doomed Warrior {elec,
                  | rC+ Dex+3}
  6109 | D:5      | HP: 1/55 [bullfrog skeleton (4)]
  6113 | D:5      | Reached XP level 8. HP: 27/61 MP: 9/11
  7233 | D:6      | Gained mutation: You cannot study or use magical devices.
                  | [Ru sacrifice]
  7233 | D:6      | Reached * piety under Ru
  7233 | D:6      | Reached ** piety under Ru
  7239 | D:6      | Reached skill level 5 in Ice Magic
  7438 | D:6      | Found Yliv's Distillery.
  7445 | D:6      | Bought a potion of heal wounds for 55 gold pieces
  7445 | D:6      | Bought a potion of heal wounds for 55 gold pieces
  7445 | D:6      | Bought a potion of lignification for 33 gold pieces
  7450 | D:6      | Acquired 576 gold pieces
  7491 | D:6      | Noticed Edmund
  8174 | D:6      | Found a blossoming altar of Fedhas.
  8175 | D:6      | Found a shimmering blue altar of Sif Muna.
  8202 | D:6      | Killed Edmund
  8559 | D:7      | Noticed Harold
  8754 | D:7      | Noticed Joseph
  8766 | D:7      | Killed Joseph
  8767 | D:7      | Reached XP level 9. HP: 39/67 MP: 9/14
  9077 | D:7      | Noticed a cyclops
  9095 | D:7      | Killed a cyclops
  9281 | D:7      | Noticed Duvessa
  9551 | D:7      | Killed Duvessa
  9846 | D:7      | Found a bloodstained altar of Trog.
  9859 | D:7      | Found a glowing golden altar of the Shining One.
 10378 | D:7      | Noticed Dowan
 10385 | D:7      | Killed Dowan
 10941 | D:8      | Noticed Prince Ribbit
 10943 | D:8      | Noticed a two-headed ogre
 10958 | D:8      | Killed Prince Ribbit
 10959 | D:8      | Reached XP level 10. HP: 66/73 MP: 14/17
 10974 | D:8      | Killed a two-headed ogre
 10975 | D:8      | Reached skill level 5 in Spellcasting
 11652 | D:8      | Gained mutation: You sometimes lose the ability to drink
                  | potions when taking damage. [Ru sacrifice]
 11652 | D:8      | Reached *** piety under Ru
 12344 | D:9      | Reached skill level 10 in Unarmed Combat
 12467 | D:9      | Reached skill level 10 in Transmutations
 12829 | D:8      | HP: 4/82 [hellwing (7)]
 12829 | D:8      | Slain by a hellwing

Illustrated notes

Levels and vault maps discovered:
D:1:      lightli_arrival_chessboard, layout_basic, minmay_misc_feat_ornament
D:2:      cheibrodos_greedy_goblins, layout_basic, minmay_cut_off
D:3:      layout_basic, uniq_ijyb
D:4:      layout_rooms, minmay_temple_entry_proselytizer
D:5:      layout_rooms, serial_co_window_serial, co_window_of_opportunity_a,
          co_window_corner_a, co_window_paths_a, co_window_corner_a,
          co_window_paths_a, co_window_paths_a, co_window_paths_b,
          co_window_of_opportunity_a, co_window_corner_a, co_window_broadway_c,
          co_window_paths_c, co_window_broadway_b, co_window_broadway_a,
          co_window_unsneaky_path_d, co_window_corner_ca, glass_columns_b,
          uniq_eustachio
D:6:      layout_gridville, mainiacjoe_overflow_divided_tiny, serial_shops,
          nicolae_shop_temple_entry_statues_fountains, uniq_edmund
D:7:      layout_loops_ring, mainiacjoe_overflow_catwalk_spiral, uniq_harold,
          uniq_joseph, uniq_duvessa
D:8:      layout_basic, uniq_prince_ribbit1
D:9:      cheibrodos_grave_circle, layout_rooms, orc_0_dummy
Temple:   dpeg_five_rooms_temple

Skill      XL: |  1  2  3  4  5  6  7  8  9 10 |
---------------+-------------------------------+-----
Dodging        | 2 |  2.3
Poison Magic   | 1 2 |  2.0
Transmutations | 3 4 5 7 9 10 | 10.2
Unarmed Combat | 4 5 6 7 9 10 | 10.4
Fighting       | 2 |  2.0
Ice Magic      | 1 3 4 5 |  5.0
Spellcasting   | 3 4 5 |  5.7

Action                   |  1- 3 |  4- 6 |  7- 9 | 10-12 || total
-------------------------+-------+-------+-------+-------++-------
Melee: Unarmed           |   114 |   200 |   266 |   123 ||   703
       Headbutt          |     5 |     9 |       |       ||    14
       Kick              |    14 |    16 |     2 |       ||    32
       Punch             |     1 |     1 |     3 |       ||     5
       Tailslap          |     5 |     7 |     2 |       ||    14
 Cast: Beastly Appendage |    25 |    21 |     3 |       ||    49
       Spider Form       |       |    10 |     6 |       ||    16
       Ice Form          |       |       |    22 |    14 ||    36
Invok: Sacrifice Artific |       |       |     1 |       ||     1
       Draw Out Power    |       |       |       |     1 ||     1
       Sacrifice Drink   |       |       |       |     1 ||     1
 Abil: Breathe Frost     |       |       |     1 |       ||     1
  Use: Potion            |     1 |     1 |     2 |       ||     4
       Scroll            |     4 |    10 |     5 |     4 ||    23
 Stab: Sleeping          |       |     1 |       |     1 ||     2
       Invisible         |       |       |     3 |     2 ||     5
Armor: Skin              |    52 |    52 |    69 |    68 ||   241
Dodge: Dodged            |   102 |   152 |   156 |    76 ||   486

Table legend: (Time is in decaauts)
 A = Elapsed time spent in this place.
 B = Non-inter-level travel time spent in this place.
 C = Inter-level travel time spent in this place.
 D = Time resting spent in this place.
 E = Time spent auto-exploring this place.
 F = Levels seen in this place.
 G = Mean time per level.
                   A        B        C        D        E       F      G
               +--------+--------+--------+--------+--------+-----+--------+
         Total |  12759 |  12297 |    462 |    710 |   9910 |  10 | 1275.9 |
       Dungeon |  12384 |  12008 |    376 |    710 |   9634 |   9 | 1376.0 |
        Temple |    374 |    288 |     86 |      0 |    276 |   1 |  374.0 |
               +--------+--------+--------+--------+--------+-----+--------+

Top non-repeatable levels by time:
     D:6: 1934 daAuts
     D:5: 1908 daAuts
     D:7: 1906 daAuts
     D:1: 1562 daAuts
     D:8: 1460 daAuts
     D:3: 1253 daAuts
     D:2: 1062 daAuts
     D:4: 817 daAuts
     D:9: 479 daAuts
  Temple: 374 daAuts
